BR
SANTA CLARITA MUSIC @ HARTFORD DARTH WHALERS
08/28/2026
 
TOP OF THE 1ST
Santa Clarita Music batting - Pitching for Hartford Darth Whalers : LHP Ignacio Méndez
Pitching: LHP Ignacio Méndez
Batting: RHB Art Cameron 0-0: Called Strike
0-1: Ball
1-1: Foul Ball, location: 2F
1-2: Foul Ball, location: 2F
1-2: Ball
2-2: Ball
3-2: Strikes out swinging
Batting: RHB Travis Colbert 0-0: Ball
1-0: Ball
2-0: Called Strike
2-1: Ball
3-1: Base on Balls
Batting: SHB Stan Gómez 0-0: Ball
1-0: SINGLE (Groundball, 34D)
Travis Colbert to second
Runner from 2nd tries for 3rd, SAFE, throw made to third
Stan Gómez to second
Batting: RHB António Martínez 0-0: Called Strike
0-1: Ball
1-1: Ground out 3-1 (Groundball, 3)
Batting: RHB Justin Geoghegan 0-0: Ball
1-0: Ball
2-0: Called Strike
2-1: Ball
3-1: Base on Balls
Batting: RHB Adam Gentry 0-0: DOUBLE (Line Drive, 9LM)
Travis Colbert scores
Stan Gómez scores
Justin Geoghegan to third
Batting: RHB Joe Wiggs 0-0: Swinging Strike
0-1: Ball
1-1: Ball
2-1: SINGLE (Line Drive, 8RS)
Justin Geoghegan scores
Adam Gentry to third
Batting: RHB Rickey Núñez 0-0: Called Strike
0-1: Foul Ball, location: 2F
0-2: Ball
1-2: Ball
2-2: Ball
3-2: SINGLE (Groundball, 6)
Adam Gentry scores
Joe Wiggs to second
Joe Wiggs to third
Batting: RHB Jake Belcher 0-0: Ball
Wild Pitch!
Joe Wiggs scores
Rickey Núñez to second
1-0: Called Strike
1-1: Called Strike
1-2: Foul Ball, location: 2F
1-2: Strikes out swinging
Top of the 1st over - 5 run(s), 4 hit(s), 0 error(s), 1 left on base; Santa Clarita 5 - Hartford 0
BOTTOM OF THE 1ST
Hartford Darth Whalers batting - Pitching for Santa Clarita Music : LHP Pedro Beleza
Pitching: LHP Pedro Beleza
Batting: RHB Christian Moss 0-0: Called Strike
0-1: Ball
1-1: Fly out, F1 (Line Drive, 13)
Batting: RHB Sean King 0-0: Fly out, F5 (Line Drive, 5S)
Batting: LHB Júlio Córdova 0-0: Called Strike
0-1: Foul Ball, location: 2F
0-2: Fly out, F9 (Flyball, 89M)
Bottom of the 1st over - 0 run(s), 0 hit(s), 0 error(s), 0 left on base; Santa Clarita 5 - Hartford 0
TOP OF THE 2ND
Santa Clarita Music batting - Pitching for Hartford Darth Whalers : LHP Ignacio Méndez
Batting: RHB Art Cameron 0-0: Ground out 4-3 (Groundball, 4)
Batting: RHB Travis Colbert 0-0: Called Strike
0-1: Called Strike
0-2: Strikes out swinging
Batting: SHB Stan Gómez 0-0: Ball
1-0: Ground out 6-3 (Groundball, 6M)
Top of the 2nd over - 0 run(s), 0 hit(s), 0 error(s), 0 left on base; Santa Clarita 5 - Hartford 0
BOTTOM OF THE 2ND
Hartford Darth Whalers batting - Pitching for Santa Clarita Music : LHP Pedro Beleza
Batting: RHB Sergio Calderón 0-0: Swinging Strike
0-1: Called Strike
0-2: Ball
1-2: Ball
2-2: Ball
3-2: Foul Ball, location: 2F
3-2: Foul Ball, location: 2F
3-2: Base on Balls
Batting: SHB Manuel Jiménez 0-0: Fielders Choice at 2nd, 4-6 (Groundball, 4)
Batting: RHB Vaughan Tillman 0-0: Ball
1-0: Called Strike
Manuel Jiménez steals 2nd base
1-1: Foul Ball, location: 2F
1-2: Ball
2-2: SINGLE (Flyball, 6MD)
Manuel Jiménez to third
Batting: RHB José Chávez 0-0: Called Strike
0-1: Ball
1-1: Foul Ball, location: 2F
1-2: Ball
2-2: Strikes out swinging
Batting: LHB Carlos Estrada 0-0: Ball
1-0: Ball
2-0: Ball
3-0: Base on Balls
Vaughan Tillman to second
Batting: RHB José Rosales 0-0: Swinging Strike
0-1: Foul Ball, location: 2F
0-2: Ball
1-2: Ball
2-2: Foul Ball, location: 2F
2-2: Foul Ball, location: 2F
2-2: Strikes out looking
Bottom of the 2nd over - 0 run(s), 1 hit(s), 0 error(s), 3 left on base; Santa Clarita 5 - Hartford 0
TOP OF THE 3RD
Santa Clarita Music batting - Pitching for Hartford Darth Whalers : LHP Ignacio Méndez
Batting: RHB António Martínez 0-0: Ball
1-0: Swinging Strike
1-1: Ball
2-1: Ball
3-1: Base on Balls
Batting: RHB Justin Geoghegan 0-0: Ball
1-0: Swinging Strike
1-1: Hit by Pitch
António Martínez to second
Batting: RHB Adam Gentry 0-0: Called Strike
0-1: Ball
1-1: SINGLE (Groundball, 6M) (infield hit)
António Martínez to third
Justin Geoghegan to second
Batting: RHB Joe Wiggs 0-0: Called Strike
0-1: Called Strike
0-2: Strikes out swinging
Batting: RHB Rickey Núñez 0-0: Called Strike
0-1: Ball
1-1: SINGLE (Groundball, 4)
António Martínez scores
Justin Geoghegan to third
Adam Gentry to second
Runner from 3rd tries for Home, SAFE, throw made home
Adam Gentry to third
Rickey Núñez to second
Batting: RHB Jake Belcher 0-0: Foul Ball, location: 2F
0-1: Ground out 6-3 (Groundball, 6M)
Adam Gentry scores
Rickey Núñez to third
Pitching: RHP Esteban Muñóz
Batting: RHB Art Cameron 0-0: Ball
1-0: Fly out, F4 (Line Drive, 4)
Top of the 3rd over - 3 run(s), 2 hit(s), 0 error(s), 1 left on base; Santa Clarita 8 - Hartford 0
BOTTOM OF THE 3RD
Hartford Darth Whalers batting - Pitching for Santa Clarita Music : LHP Pedro Beleza
Batting: RHB Christian Moss 0-0: SINGLE (Flyball, 7LS)
Batting: RHB Sean King 0-0: Ball
1-0: Ball
2-0: Swinging Strike
2-1: Ball
3-1: Called Strike
3-2: Strikes out swinging
Batting: LHB Júlio Córdova 0-0: Ball
1-0: Called Strike
1-1: Called Strike
1-2: Ball
2-2: Strikes out swinging
Batting: RHB Sergio Calderón 0-0: Ball
1-0: SINGLE (Groundball, 25) (infield hit)
Christian Moss to second
Batting: SHB Manuel Jiménez 0-0: Fielders Choice at 2nd, 5-4 (Groundball, 56)
Bottom of the 3rd over - 0 run(s), 2 hit(s), 0 error(s), 1 left on base; Santa Clarita 8 - Hartford 0
TOP OF THE 4TH
Santa Clarita Music batting - Pitching for Hartford Darth Whalers : RHP Esteban Muñóz
Batting: RHB Travis Colbert 0-0: Ball
1-0: Ball
2-0: DOUBLE (Line Drive, 8RM)
Batting: SHB Stan Gómez 0-0: Ball
Travis Colbert is caught stealing 3rd base
1-0: Called Strike
1-1: Ball
2-1: SINGLE (Groundball, 3D)
Batting: RHB António Martínez 0-0: Called Strike
Stan Gómez is caught stealing 2nd base
0-1: Ball
1-1: Ball
2-1: DOUBLE (Groundball, 5L)
Batting: RHB Justin Geoghegan 0-0: Foul Ball, location: 2F
0-1: Ball
1-1: Foul Ball, location: 2F
1-2: Ball
2-2: Foul Ball, location: 2F
2-2: Strikes out swinging
Top of the 4th over - 0 run(s), 3 hit(s), 0 error(s), 1 left on base; Santa Clarita 8 - Hartford 0
BOTTOM OF THE 4TH
Hartford Darth Whalers batting - Pitching for Santa Clarita Music : LHP Pedro Beleza
Batting: RHB Vaughan Tillman 0-0: Ball
1-0: Called Strike
1-1: Ball
2-1: Foul Ball, location: 2F
2-2: SINGLE (Line Drive, 78S)
Batting: RHB José Chávez 0-0: Called Strike
0-1: Ball
1-1: Ball
2-1: Swinging Strike
2-2: Ball
3-2: Strikes out swinging
Batting: LHB Carlos Estrada 0-0: Swinging Strike
0-1: Ball
1-1: Ball
2-1: Swinging Strike
2-2: Ball
3-2: Foul Ball, location: 2F
3-2: Foul Ball, location: 2F
3-2: Base on Balls
Vaughan Tillman to second
Batting: RHB José Rosales 0-0: Grounds into double play, 6-4-3 (Groundball, 6)
Bottom of the 4th over - 0 run(s), 1 hit(s), 0 error(s), 1 left on base; Santa Clarita 8 - Hartford 0
TOP OF THE 5TH
Santa Clarita Music batting - Pitching for Hartford Darth Whalers : RHP Esteban Muñóz
Batting: RHB Adam Gentry 0-0: DOUBLE (Flyball, 7LM)
Batting: RHB Joe Wiggs 0-0: Called Strike
0-1: Called Strike
0-2: Strikes out swinging
Batting: RHB Rickey Núñez 0-0: Ball
1-0: Ball
2-0: Called Strike
2-1: Ball
3-1: Called Strike
3-2: SINGLE (Line Drive, 6D)
Adam Gentry to third
Batting: RHB Jake Belcher 0-0: Ball
1-0: Swinging Strike
1-1: Ball
2-1: Called Strike
2-2: Strikes out looking
Rickey Núñez steals 2nd base
Batter strikes out.
Batting: RHB Art Cameron 0-0: Ball
Wild Pitch!
Adam Gentry scores
Rickey Núñez to third
1-0: Foul Ball, location: 2F
1-1: Called Strike
1-2: Strikes out swinging
Top of the 5th over - 1 run(s), 2 hit(s), 0 error(s), 1 left on base; Santa Clarita 9 - Hartford 0
BOTTOM OF THE 5TH
Hartford Darth Whalers batting - Pitching for Santa Clarita Music : LHP Pedro Beleza
Batting: RHB Christian Moss 0-0: Ball
1-0: Ground out 6-3 (Groundball, 6M)
Batting: RHB Sean King 0-0: Called Strike
0-1: Ground out 5-3 (Groundball, 56S)
Pitching: LHP Jorge Gatán
Batting: LHB Júlio Córdova 0-0: Called Strike
0-1: Called Strike
0-2: Ball
1-2: Strikes out swinging
Bottom of the 5th over - 0 run(s), 0 hit(s), 0 error(s), 0 left on base; Santa Clarita 9 - Hartford 0
TOP OF THE 6TH
Santa Clarita Music batting - Pitching for Hartford Darth Whalers : RHP Esteban Muñóz
Batting: RHB Travis Colbert 0-0: Ball
1-0: Ball
2-0: Ground out 5-3 (Groundball, 5S)
Batting: SHB Stan Gómez 0-0: Ground out 6-3 (Groundball, 56)
Batting: RHB António Martínez 0-0: SINGLE (Flyball, 7S)
Batting: RHB Justin Geoghegan 0-0: Ball
1-0: Called Strike
1-1: Ball
2-1: Fly out, F8 (Line Drive, 8LS)
Top of the 6th over - 0 run(s), 1 hit(s), 0 error(s), 1 left on base; Santa Clarita 9 - Hartford 0
BOTTOM OF THE 6TH
Hartford Darth Whalers batting - Pitching for Santa Clarita Music : LHP Jorge Gatán
Batting: RHB Sergio Calderón 0-0: Fly out, F6 (Popup, 6MD)
Batting: SHB Manuel Jiménez 0-0: Swinging Strike
0-1: Ball
1-1: DOUBLE (Flyball, 78M)
Batting: RHB Vaughan Tillman 0-0: Fly out, F8 (Popup, 8LS)
Batting: RHB José Chávez 0-0: SINGLE (Line Drive, 89M)
Manuel Jiménez to third
Runner from 3rd tries for Home, SAFE, no throw or cutoff
Batting: LHB Carlos Estrada 0-0: Called Strike
0-1: Ball
1-1: Called Strike
1-2: Ball
2-2: Strikes out swinging
Bottom of the 6th over - 1 run(s), 2 hit(s), 0 error(s), 1 left on base; Santa Clarita 9 - Hartford 1
TOP OF THE 7TH
Santa Clarita Music batting - Pitching for Hartford Darth Whalers : RHP Esteban Muñóz
Pitching: LHP Will Chapman
Batting: RHB Adam Gentry 0-0: Called Strike
0-1: Swinging Strike
0-2: Fly out, F7 (Flyball, 7M)
Batting: RHB Joe Wiggs 0-0: Ground out 6-3 (Groundball, 6)
Batting: RHB Rickey Núñez 0-0: Called Strike
0-1: Ball
1-1: SINGLE (Groundball, 34)
Batting: RHB Jake Belcher 0-0: Ball
1-0: Fly out, F7 (Flyball, 7M)
Top of the 7th over - 0 run(s), 1 hit(s), 0 error(s), 1 left on base; Santa Clarita 9 - Hartford 1
BOTTOM OF THE 7TH
Hartford Darth Whalers batting - Pitching for Santa Clarita Music : LHP Jorge Gatán
Batting: RHB José Rosales 0-0: Bunt missed!
0-1: Foul Ball, location: 2F
0-2: Strikes out swinging
Batting: RHB Christian Moss 0-0: Ball
1-0: Ball
2-0: Ball
3-0: Base on Balls
Batting: RHB Sean King 0-0: Foul Ball, location: 2F
0-1: Swinging Strike
0-2: Ball
1-2: Ball
2-2: Ball
3-2: Base on Balls
Christian Moss to second
Batting: LHB Júlio Córdova 0-0: Swinging Strike
0-1: Ball
1-1: Fly out, F8 (Line Drive, 8RM)
Batting: RHB Sergio Calderón 0-0: Swinging Strike
0-1: Swinging Strike
0-2: Strikes out swinging
Bottom of the 7th over - 0 run(s), 0 hit(s), 0 error(s), 2 left on base; Santa Clarita 9 - Hartford 1
TOP OF THE 8TH
Santa Clarita Music batting - Pitching for Hartford Darth Whalers : LHP Will Chapman
Batting: RHB Art Cameron 0-0: Ball
1-0: Swinging Strike
1-1: Swinging Strike
1-2: Strikes out swinging
Batting: RHB Travis Colbert 0-0: Ball
1-0: Foul Ball, location: 2F
1-1: Ball
2-1: Ball
3-1: Base on Balls
Batting: SHB Stan Gómez 0-0: Ball
Travis Colbert is caught stealing 2nd base
1-0: Ball
2-0: Ball
3-0: Called Strike
3-1: Ground out 6-3 (Groundball, 6)
Top of the 8th over - 0 run(s), 0 hit(s), 0 error(s), 0 left on base; Santa Clarita 9 - Hartford 1
BOTTOM OF THE 8TH
Hartford Darth Whalers batting - Pitching for Santa Clarita Music : LHP Jorge Gatán
Pitching: LHP Tony Sandoval
Batting: SHB Manuel Jiménez 0-0: Ball
1-0: Ground out 4-3 (Groundball, 4)
Batting: RHB Vaughan Tillman 0-0: Called Strike
0-1: Ball
1-1: Fly out, F5 (Popup, 56S)
Batting: RHB José Chávez 0-0: Called Strike
0-1: Foul Ball, location: 2F
0-2: Strikes out swinging
Bottom of the 8th over - 0 run(s), 0 hit(s), 0 error(s), 0 left on base; Santa Clarita 9 - Hartford 1
TOP OF THE 9TH
Santa Clarita Music batting - Pitching for Hartford Darth Whalers : LHP Will Chapman
Batting: RHB António Martínez 0-0: Foul Ball, location: 2F
0-1: Ball
1-1: Fly out, F5 (Popup, 15S)
Batting: RHB Justin Geoghegan 0-0: Ball
1-0: Called Strike
1-1: Ball
2-1: Ball
3-1: DOUBLE (Flyball, 89M)
Batting: RHB Adam Gentry 0-0: Called Strike
0-1: Ball
1-1: Foul Ball, location: 2F
1-2: Ball
2-2: Strikes out swinging
Batting: RHB Joe Wiggs 0-0: Called Strike
0-1: Ball
1-1: Fly out, F7 (Popup, 7LS)
Top of the 9th over - 0 run(s), 1 hit(s), 0 error(s), 1 left on base; Santa Clarita 9 - Hartford 1
BOTTOM OF THE 9TH
Hartford Darth Whalers batting - Pitching for Santa Clarita Music : LHP Tony Sandoval
Batting: LHB Carlos Estrada 0-0: Foul Ball, location: 2F
0-1: Foul Ball, location: 2F
0-2: Strikes out looking
Batting: RHB José Rosales 0-0: Ball
1-0: Swinging Strike
1-1: Ball
2-1: Called Strike
2-2: Strikes out swinging
Batting: RHB Christian Moss 0-0: Ball
1-0: Ball
2-0: Ball
3-0: Base on Balls
Batting: RHB Sean King 0-0: Ball
1-0: Swinging Strike
1-1: Swinging Strike
1-2: Foul Ball, location: 2F
1-2: Foul Ball, location: 2F
1-2: SINGLE (Groundball, 6) (infield hit)
Christian Moss to second
Batting: LHB Júlio Córdova 0-0: Ball
1-0: Called Strike
1-1: Foul Ball, location: 2F
1-2: Foul Ball, location: 2F
1-2: Strikes out swinging
Bottom of the 9th over - 0 run(s), 1 hit(s), 0 error(s), 2 left on base; Santa Clarita 9 - Hartford 1
Monday, December 5th, 2016 - OOTP Baseball 17.12 Build 75